 Dungeon Crawl Stone Soup version 0.28.0-53-g5a82cb258f (webtiles) character file.

Game seed: 14307277181882010280

5891 Descartes the Blocker (level 11, -11/66 (72) HPs)
             Began as a Formicid Warper on June 3, 2022.
             Was an Initiate of Gozag.
             Mangled by an orc knight
             ... wielding a +0 broad axe
              (23 damage)
             ... in a bailey.
             The game lasted 00:21:35 (11230 turns).

Descartes the Blocker (Formicid Warper)            Turns: 11230, Time: 00:21:35

HP:   -11/66 (72)   AC: 13    Str: 20    XL:     11   Next: 8%
MP:   0/14          EV:  8    Int: 17    God:    Gozag
Gold: 2518          SH:  0    Dex: 13    Spells: 6/14 levels left

rFire   + . .      SeeInvis +   p - +10 quarterstaff "Loopy" {pain, rElec rN+ Int+4 Dex+3}
rCold   . . .      Faith    .   G - +1 buckler
rNeg    + . .      Spirit   +   x - +0 chain mail
rPois   .          Reflect  .   (helmet unavailable)
rElec   +          Harm     .   (no cloak)
rCorr   .          Rampage  .   n - +0 pair of gloves
Will    +....                   u - +0 pair of boots
Stlth   ..........              l - amulet of guardian spirit
HPRegen 1.01/turn               E - ring of protection from fire
MPRegen 0.14/turn               (no ring)

@: confused, ambrosia-drunk, drained
A: permanent stasis, dig shafts and tunnels, antennae 3, four strong arms,
regeneration 1
a: Dig, Renounce Religion, Potion Petition, Call Merchant, Bribe Branch


You were in a bailey.
You worshipped Gozag.
Gozag was most pleased with you.
You visited 2 branches of the dungeon, and saw 10 of its levels.
You also visited: Bailey.

You collected 2611 gold pieces.
You paid 93 gold pieces to Gozag.

Inventory:

Hand Weapons
 p - the +10 quarterstaff "Loopy" (weapon) {pain, rElec rN+ Int+4 Dex+3}
   (You found it on level 4 of the Dungeon)

   In the hands of one skilled in necromantic magic, it inflicts extra damage on
   living creatures.
   Int:       It affects your intelligence (+4).
   Dex:       It affects your dexterity (+3).
   rElec:     It insulates you from electricity.
   rN:        It protects you from negative energy.
 r - a +0 executioner's axe of venom
 A - a +4 scimitar
 B - a +5 hand axe
 F - a +0 trident of venom
Missiles
 c - 5 boomerangs of dispersal (quivered)
 d - 33 poisoned darts
 f - 306 stones
 o - 17 boomerangs
 H - a curare-tipped dart
Armour
 n - a +0 pair of gloves (worn)
 u - a +0 pair of boots (worn)
 x - a +0 chain mail (worn)
 G - a +1 buckler (worn)
Jewellery
 l - an amulet of guardian spirit (around neck)
 E - a ring of protection from fire (left hand)
Wands
 m - a wand of flame (15)
 s - a wand of charming (11)
Scrolls
 i - 4 scrolls of vulnerability
 j - a scroll of enchant armour
 k - 6 scrolls of immolation
 t - a scroll of blinking {unknown}
 D - a scroll of enchant weapon {unknown}
Potions
 a - a potion of curing
 b - 3 potions of mutation
 e - 2 potions of invisibility
 g - a potion of attraction
 h - 2 potions of degeneration
 w - a potion of brilliance {unknown}


   Skills:
 - Level 2.1 Fighting
 - Level 5.0 Axes
 - Level 5.0 Staves
 - Level 1.0 Throwing
 + Level 7.9 Armour
 - Level 1.7 Dodging
 + Level 8.5 Shields
 - Level 2.1 Spellcasting
 - Level 5.0 Necromancy
 + Level 7.2 Translocations
 - Level 5.0 Evocations


You had 6 spell levels left.
You knew the following spells:

 Your Spells              Type           Power      Damage    Failure   Level
a - Teleport Other        Tloc           26%        N/A       28%         3
b - Manifold Assault      Tloc           26%        N/A       95%         5

Your spell library contained the following spells:

 Spells                   Type           Power      Damage    Failure   Level
 Gell's Gravitas          Tloc           26%        N/A       28%         3
 Lesser Beckoning         Tloc           26%        N/A       28%         3
 Sublimation of Blood     Necr           18%        N/A       34%         2
 Shock                    Conj/Air       4%         1d3       88%         1
 Wereblood                Tmut           1%         N/A       95%         2
 Airstrike                Air            0%         N/A       100%        4
 Hailstorm                Conj/Ice       1%         3d3       100%        4
 Ice Form                 Ice/Tmut       1%         N/A       100%        4
 Dispersal                Tloc           13%        N/A       100%        6
 Simulacrum               Ice/Necr       5%         N/A       100%        6
 Summon Hydra             Summ           0%         N/A       100%        7
 Blink                    Tloc           Unusable   N/A       N/A         2
 Swiftness                Air            Unusable   N/A       N/A         3

Dungeon Overview and Level Annotations

Branches:
Dungeon (9/15)             Temple (1/1) D:6          Bailey (1/1)
   Lair: D:8-11         Orc: D:9-12

Altars:
Ashenzari
Cheibriados
Dithmenos
Elyvilon
Fedhas
Gozag
Hepliaklqana
Kikubaaqudgha
Nemelex Xobeh
Okawaru
Qazlal
Ru
Sif Muna
Trog
Uskayaw
Vehumet
Wu Jian
Xom
Yredelemnul
Zin
The Shining One

Shops:
D:7 (


Innate Abilities, Weirdness & Mutations

You cannot be hasted, slowed, berserked, paralysed or teleported.
You can dig through walls and to a lower floor.
You have a pair of large antennae on your head. (SInv)
Your four strong arms can wield two-handed weapons with a shield.
Your natural rate of healing is unusually fast.


Message History

You barely miss the orc knight.
The orc knight is moderately wounded.
The orc knight hits you with a +0 broad axe.
* * * LOW HITPOINT WARNING * * *
You barely miss the orc knight.
The orc knight is moderately wounded.
You block the orc knight's attack. x2
Unknown command.
You sock the orc knight!
The orc knight is heavily wounded.
The orc knight hits you with a +0 broad axe.
* * * LOW HITPOINT WARNING * * *
You feel much better. You block the orc knight's attack.
You hit the orc knight but do no damage.
The orc knight is heavily wounded.
You block the orc knight's attack.
You hit the orc knight but do no damage.
The orc knight writhes in agony.
The orc knight is heavily wounded.
The orc knight hits you with a +0 broad axe.
You hit the orc knight.
The orc knight writhes in agony.
The orc knight is heavily wounded.
The orc knight hits you with a +0 broad axe!!
You hit the orc knight.
The orc knight writhes in agony.
The orc knight is heavily wounded.
You block the orc knight's attack.
You hit the orc knight but do no damage.
The orc knight is heavily wounded.
You block the orc knight's attack.
You hit the orc knight.
The orc knight is severely wounded.
The orc knight hits you with a +0 broad axe!
* * * LOW HITPOINT WARNING * * *
The orc knight hits you with a +0 broad axe!
* * * LOW HITPOINT WARNING * * *
You are confused.
You feel invigorated.
The orc knight hits you with a +0 broad axe!!
You die...
Your body crumbles into a pile of gold.

##...$..≈≈≈≈≈#########≈≈≈
##..$....≈≈≈≈≈≈≈≈≈≈≈≈≈≈
###.....K...≈≈≈≈≈≈≈≈#
####..o..........#
####......∩..##
###.......##
##{###.....## #o##
####...## ##@# ##...###
### ##.....## ##.......##
#.........# #....∩....#
#.........# ##.......##
###...### #####


You could see an orc knight.

Vanquished Creatures
  A skeletal warrior (D:7)
  The ghost of lasso the Summoner, a novice TeSu of Hepliaklqana (D:7)
  Pikel (D:8)
  Grinder (D:3)
  Sigmund (D:6)
  4 water moccasins
  An orc warrior (Bailey)
  A black bear (D:6)
  2 ice beasts
  3 ogres
  The ghost of Dune the Chopper, an amateur MiBe of Trog (D:5)
  2 sky beasts
  2 centaurs
  A necrophage (D:8)
  2 phantoms
  A lemure (D:8)
  3 kobold brigands
  4 bullfrogs
  A gnoll sergeant (D:7)
  A wyvern zombie (D:8)
  2 scorpions
  A water moccasin zombie (D:5)
  A water moccasin skeleton (D:5)
  A wyvern skeleton (D:7)
  3 killer bees (D:5)
  4 wights (Temple)
  A centaur zombie (D:8)
  A centaur skeleton (D:7)
  2 orc priests
  A hound (D:2)
  A jelly (D:4)
  4 iguanas
  A scorpion zombie (D:5)
  Terence (D:2)
  Ijyb (D:3)
  2 orc wizards
  A killer bee zombie (D:8)
  A hound zombie (D:5)
  A howler monkey zombie (D:5)
  7 gnolls
  6 adders
  2 howler monkey skeletons
  A shadow imp (D:7)
  An ufetubus (D:7)
  3 worms
  A dart slug (D:1)
  24 orcs
  3 bats
  3 endoplasms
  11 goblins
  3 hobgoblins
  3 jackals (D:2)
  24 kobolds
  6 quokkas
  5 ball pythons
  A frilled lizard (D:1)
  4 rats
172 creatures vanquished.

Vanquished Creatures (others)
  A dancing weapon (D:7)
  A quokka (D:3)
  A plant (D:7)
3 creatures vanquished.

Grand Total: 175 creatures vanquished

Notes
Turn   | Place    | Note
-------+----------+-------------------------------------------
     0 | D:1      | Descartes the Formicid Warper began the quest for the Orb.
     0 | D:1      | Reached XP level 1. HP: 16/16 MP: 3/3
   132 | D:1      | Reached XP level 2. HP: 22/22 MP: 5/5
   826 | D:2      | Reached skill level 1 in Shields
   826 | D:2      | Reached XP level 3. HP: 11/27 MP: 3/6
  1049 | D:2      | Reached XP level 4. HP: 15/33 MP: 3/7
  1388 | D:2      | Reached skill level 2 in Shields
  1616 | D:2      | Noticed Terence
  1637 | D:2      | Killed Terence
  2205 | D:3      | Noticed Grinder
  2214 | D:3      | Killed Grinder
  2215 | D:3      | Reached skill level 3 in Shields
  2215 | D:3      | Reached XP level 5. HP: 38/38 MP: 8/8
  2215 | D:3      | Reached XP level 6. HP: 44/44 MP: 9/9
  2362 | D:3      | Noticed Ijyb
  2388 | D:3      | Killed Ijyb
  2553 | D:3      | Found a white marble altar of Elyvilon.
  2916 | D:3      | Found a faded altar of an unknown god.
  3253 | D:4      | Noticed an ice beast
  3286 | D:3      | HP: 2/44 [ice beast (6)]
  3291 | D:3      | Killed an ice beast
  3292 | D:3      | Reached XP level 7. HP: 3/50 MP: 1/10
  3989 | D:3      | Reached skill level 4 in Shields
  4470 | D:4      | Identified the +10 quarterstaff "Loopy" {pain, rElec rN+
                  | Int+4 Dex+3}
  4616 | D:4      | Reached XP level 8. HP: 26/56 MP: 5/11
  4997 | D:4      | Reached skill level 5 in Shields
  5001 | D:4      | Learned a level 3 spell: Teleport Other
  5007 | D:4      | Learned a level 5 spell: Manifold Assault
  5662 | D:5      | Entered Level 5 of the Dungeon
  5670 | D:5      | Reached skill level 1 in Staves
  5670 | D:5      | Reached skill level 1 in Necromancy
  5798 | D:5      | Reached skill level 5 in Armour
  5798 | D:5      | Reached skill level 5 in Translocations
  5927 | D:5      | Reached skill level 5 in Axes
  5968 | D:5      | Found a runed translucent gate.
  5968 | D:5      | Found a runed translucent gate.
  5968 | D:5      | Found a runed translucent gate.
  5968 | D:5      | Noticed Dune's ghost (amateur MiBe)
  5970 | D:5      | Found a basalt altar of Yredelemnul.
  5994 | D:5      | Killed Dune's ghost
  6174 | D:5      | Reached XP level 9. HP: 59/61 MP: 12/12
  6483 | D:5      | Reached skill level 6 in Shields
  7117 | D:6      | Found a staircase to the Ecumenical Temple.
  7138 | Temple   | Entered the Ecumenical Temple
  7738 | Temple   | Became a worshipper of Gozag Ym Sagoz the Greedy
  8296 | D:6      | Reached skill level 1 in Evocations
  8540 | D:6      | Noticed Sigmund
  8554 | D:6      | Killed Sigmund
  8846 | D:7      | Found a runed translucent door.
  8846 | D:7      | Found a shimmering altar of Xom.
  8846 | D:7      | Noticed a +1 whip of chaos
  8846 | D:7      | Noticed lasso's ghost (novice TeSu)
  8860 | D:7      | Reached skill level 7 in Shields
  8860 | D:7      | Reached XP level 10. HP: 59/67 MP: 10/13
  9728 | D:7      | Found Ugeuh's Hydra Hut.
  9733 | D:7      | Noticed a four-headed hydra
  9968 | D:7      | Killed a +1 whip of chaos
  9979 | D:7      | Killed lasso's ghost
 10101 | D:7      | Identified 3 scrolls of acquirement
 10102 | D:7      | Gained mutation: Your body sometimes deteriorates upon
                  | taking damage. [potion of mutation]
 10102 | D:7      | Gained mutation: Your muscles are strong. (Str +2) [potion
                  | of mutation]
 10103 | D:7      | Lost mutation: Your muscles are strong. (Str +2) [potion of
                  | mutation]
 10103 | D:7      | Lost mutation: Your body sometimes deteriorates upon taking
                  | damage. [potion of mutation]
 10103 | D:7      | Gained mutation: Your natural rate of healing is unusually
                  | fast. [potion of mutation]
 10104 | D:7      | Acquired 823 gold pieces
 10105 | D:7      | Acquired 602 gold pieces
 10106 | D:7      | Acquired 267 gold pieces
 10224 | D:8      | Reached skill level 5 in Staves
 10307 | D:8      | Found a shimmering blue altar of Sif Muna.
 10466 | D:8      | Noticed Pikel
 10483 | D:8      | Killed Pikel
 10484 | D:8      | Reached skill level 8 in Shields
 10484 | D:8      | Reached skill level 5 in Necromancy
 10512 | D:8      | Noticed a skeletal warrior
 10512 | D:8      | Noticed a skeletal warrior
 10515 | D:8      | Noticed a skeletal warrior
 10515 | D:8      | Noticed a skeletal warrior
 10515 | D:8      | Noticed a skeletal warrior
 10717 | D:7      | Killed a skeletal warrior
 10718 | D:7      | Reached XP level 11. HP: 58/72 MP: 5/14
 11055 | D:9      | Found a flagged portal.
 11081 | Bailey   | Entered a bailey
 11119 | Bailey   | Reached skill level 5 in Evocations
 11192 | Bailey   | Noticed an orc knight
 11230 | Bailey   | Mangled by an orc knight

Illustrated notes

Levels and vault maps discovered:
D:1:      dpeg_arrival_water_temple_mockup, layout_loops_ring,
          serial_bayou_pond_e
D:2:      layout_rooms, uniq_terence
D:3:      layout_basic, elyvilon_altar_4, chequers_ecumenical_altar_lobes,
          uniq_grinder, uniq_ijyb
D:4:      layout_cave_pods, hangedman_abyss_or_decor_passed
D:5:      layout_rooms, nicolae_yredelemnul_ghost_church, minivault_25,
          minmay_misc_feat_nine_boxes, roderic_roman_lattice
D:6:      layout_loops_ring, minmay_temple_entry_glass, minmay_crystal_room,
          st_stairs_3, uniq_sigmund
D:7:      layout_rooms, ebering_ghost_xom, doesnt_shop_hydraphobe
D:8:      layout_rooms, kennysheep_little_box, chequers_serial_rivers_micro_a,
          uniq_pikel
D:9:      layout_roguey, nzn_makhleb_speed_demon, david_orc_1_choice,
          enter_bailey_5
Temple:   dpeg_five_rooms_temple
Bailey:   bailey_axe_4, bailey

Skill      XL: |  1  2  3  4  5  6  7  8  9 10 11 |
---------------+----------------------------------+-----
Armour         | 2 3 4 5 6 7 |  7.9
Shields        | 1 3 4 5 7 8 |  8.5
Translocations | 3 4 5 6 7 |  7.2
Axes           | 3 4 5 |  5.0
Staves         | 2 3 5 |  5.0
Necromancy     | 2 3 5 |  5.0
Evocations     | 2 4 5 |  5.0
Fighting       | |  2.1
Throwing       | |  1.0
Dodging        | |  1.7
Spellcasting   | |  2.1

Action                   |  1- 3 |  4- 6 |  7- 9 | 10-12 || total
-------------------------+-------+-------+-------+-------++-------
Melee: Hand axe          |    48 |   132 |    71 |       ||   251
       Punch             |     2 |     3 |     3 |     1 ||     9
       Quarterstaff      |       |       |   229 |   229 ||   458
 Abil: Dig               |       |       |       |     1 ||     1
Evoke: Wand              |       |       |       |     2 ||     2
  Use: Potion            |       |     8 |     1 |     4 ||    13
       Scroll            |       |       |       |    11 ||    11
Armor: Scale mail        |    38 |    47 |    86 |       ||   171
       Skin              |       |    12 |       |       ||    12
       Chain mail        |       |       |   103 |   106 ||   209
Dodge: Dodged            |    39 |    62 |   195 |    73 ||   369
Block: Buckler           |       |       |       |    68 ||    68
